 Dungeon Crawl Stone Soup version 0.30-a0-134-gb40fab5c76 (webtiles) character file.

Game seed: 11476923638863972101

5 scionoferis the Chopper (level 2, 0/26 HPs)
             Began as a Meteoran Berserker on Sept 19, 2022.
             Was a Follower of Trog.
             Slain by a kobold
             ... wielding a +0 whip
              (5 damage)
             ... on level 1 of the Dungeon.
             The game lasted 00:00:28 (57 turns).

scionoferis the Chopper (Meteoran Berserker)          Turns: 57, Time: 00:00:29

Health: 0/26       AC:  2    Str: 18    XL:     2   Next: 5%
Magic:  3/3        EV: 12    Int:  8    God:    Trog [*.....]
Gold:   4          SH:  0    Dex: 13    Spells: 1/1 levels left

rFire   . . .      SeeInvis .    a - +0 hand axe
rCold   . . .      Faith    .    (no shield)
rNeg    . . .      Spirit   .    b - +0 animal skin
rPois   .          Reflect  .    (no helmet)
rElec   .          Harm     .    (no cloak)
rCorr   .          Rampage  .    (no gloves)
Will    .....                    (no boots)
Stlth   +.........               (no amulet)
HPRegen 0.08/turn                (no ring)
MPRegen 0.08/turn                (no ring)

@: glowing
A: sense surroundings 1, otherworldly, glowing, explore regen
a: Renounce Religion, Berserk


You were on level 1 of the Dungeon.
You worshipped Trog.
Trog was aware of your devotion.
You visited 1 branch of the dungeon, and saw 1 of its levels.

You collected 4 gold pieces.

Inventory:

Hand Weapons
 a - a +0 hand axe (weapon)
Armour
 b - a +0 animal skin (worn)
Scrolls
 c - a scroll of enchant weapon {unknown}
 d - a scroll of identify {unknown}
 e - a scroll of enchant armour {unknown}


   Skills:
 + Level 3.4 Fighting
 * Level 4.0 Axes
 - Level 2.4 Armour
 - Level 2.4 Dodging


You had one spell level left.
You didn't know any spells.
Your spell library was empty.

Dungeon Overview and Level Annotations

Branches:
Dungeon (1/15) Zot: 540

Altars:


Innate Abilities, Weirdness & Mutations

You passively map a small area around you.
You are easily found by Zot.
You glow in the dark.
You regain HP and MP as you explore.


Message History

You hit the goblin.
You kill the goblin!
Trog accepts your kill.
e - a scroll labelled XEEWNUL UREIM A kobold comes into view.
It is wielding a +0 whip.
The kobold shouts!
A bat comes into view.
The bat moves out of view.
Found a mace, 5 stones and 17 gold pieces.
A rat comes into view.
You closely miss the kobold. The bat hits you.
The kobold hits you with a +0 whip.
You hit the kobold but do no damage. The bat hits you but does no damage.
The kobold hits you with a +0 whip. The kobold hits you but does no damage.
You barely miss the kobold. You closely miss the bat.
The bat barely misses you. The kobold completely misses you.
You barely miss the kobold. The bat barely misses you.
The kobold hits you but does no damage.
You closely miss the kobold. You hit the bat.
You kill the bat!
Trog accepts your kill.
You barely miss the rat. The rat closely misses you.
The kobold barely misses you.
You have reached level 2!
You barely miss the kobold. You hit the rat but do no damage.
The rat misses you. The kobold hits you with a +0 whip.
* * * LOW HITPOINT WARNING * * *
Unknown command.
You barely miss the kobold. You hit the rat.
You kill the rat!
Trog accepts your kill. The kobold hits you but does no damage.
Your Axes skill increases to level 4!
You hit the kobold but do no damage. The kobold hits you with a +0 whip.
* * * LOW HITPOINT WARNING * * *
Unknown command.
You hit the kobold.
The kobold is severely wounded.
The kobold hits you with a +0 whip.
You die...

, ,
#####....#...#* ,
,#>............+
,,#...###########
, #.#..## ,
#.##..#### ,
+........#####
##.....)......+
*#......#######
*, #.@....# , *
#....K......#*
#...####.####..#
### ... ..# ,
*.....* .#
....).. .# * * *
...#.... * ,
..r(...#.,* * * *
,


You could see a kobold.

Vanquished Creatures
  A bat (D:1)
  A giant cockroach (D:1)
  A goblin (D:1)
  2 rats (D:1)
5 creatures vanquished.

Notes
Turn   | Place    | Note
-------+----------+-------------------------------------------
     0 | D:1      | scionoferis the Meteoran Berserker began the quest for the
                  | Orb.
     0 | D:1      | Reached XP level 1. HP: 19/19 MP: 2/2
    54 | D:1      | Reached XP level 2. HP: 10/26 MP: 3/3
    56 | D:1      | Reached skill level 4 in Axes
    57 | D:1      | Slain by a kobold

Illustrated notes

Levels and vault maps discovered:
D:1:      nzn_arrival_depleted_hourglass, layout_basic, minmay_nonomino_d4

Skill      XL: |  1  2 |
---------------+-------+-----
Axes           | 4 |  4.0
Fighting       | |  3.4
Armour         | |  2.4
Dodging        | |  2.4

Action                   || total
-------------------------++-------
Melee: Hand axe          ||    15
Armor: Animal skin       ||     4
Dodge: Dodged            ||     7

Table legend: (Time is in decaauts)
 A = Elapsed time spent in this place.
 B = Non-inter-level travel time spent in this place.
 C = Inter-level travel time spent in this place.
 D = Time resting spent in this place.
 E = Time spent auto-exploring this place.
 F = Levels seen in this place.
 G = Mean time per level.
                   A        B        C        D        E       F      G
               +--------+--------+--------+--------+--------+-----+--------+
         Total |     58 |     58 |      0 |      0 |      0 |   1 |   58.0 |
       Dungeon |     58 |     58 |      0 |      0 |      0 |   1 |   58.0 |
               +--------+--------+--------+--------+--------+-----+--------+

Top non-repeatable levels by time:
     D:1: 58 daAuts
